 Dungeon Crawl Stone Soup version 0.30-a0-778-g2ef04afb54 (webtiles) character file.

Game seed: 14911291201787911645

865 AndrolTheGreedy the Purveyor of Pain (level 8, -3/68 HPs)
             Began as a Hill Orc Necromancer on Feb 15, 2023.
             Was an Initiate of Kikubaaqudgha.
             Slain by a black bear (7 damage)
             ... on level 6 of the Dungeon.
             The game lasted 00:30:22 (6750 turns).

AndrolTheGreedy the Purveyor of Pain (HONe)         Turns: 6750, Time: 00:30:23

Health: -3/68      AC:  2    Str:  9 (11) XL:     8   Next: 3%
Magic:  0/11       EV: 11    Int: 14 (17) God:    Kikubaaqudgha [......]
Gold:   157        SH:  0    Dex:  9 (11) Spells: 1/11 levels left

rFire   . . .      SeeInvis .    e - +0 dagger
rCold   . . .      Faith    .    (no shield)
rNeg    . . .      Spirit   .    a - +0 robe
rPois   +          Reflect  .    (helmet restricted)
rElec   .          Harm     .    (no cloak)
rCorr   .          Rampage  .    (no gloves)
Will    +....                    (no boots)
Stlth   +                        (no amulet)
HPRegen 0.31/turn                h - ring of poison resistance
MPRegen 0.12/turn                i - ring of willpower

@: no status effects
A: fangs 1, horns 1
a: Renounce Religion


You were on level 6 of the Dungeon.
You worshipped Kikubaaqudgha.
Kikubaaqudgha was noncommittal.
You visited 2 branches of the dungeon, and saw 7 of its levels.

You collected 227 gold pieces.
You spent 70 gold pieces at shops.

Inventory:

Hand Weapons
 e - a +0 dagger (weapon)
 n - a +0 trident
Missiles
 k - 21 stones (quivered)
Armour
 a - a +0 robe (worn)
 m - a +0 helmet
Magical Staves
 f - a staff of fire
Jewellery
 d - a ring of protection from fire
 h - a ring of poison resistance (left hand)
 i - a ring of willpower (right hand)
 s - a ring of protection from fire
 t - an amulet of magic regeneration
Wands
 l - a wand of digging (1)
 p - a wand of iceblast (8)
Scrolls
 c - 2 scrolls of immolation
 o - a scroll of vulnerability
 r - a scroll of poison
 v - a scroll of fear
 x - a scroll of torment
Potions
 b - 2 potions of flight
 g - a potion of curing
 j - 2 potions of heal wounds


   Skills:
 - Level 5.0 Fighting
 - Level 4.3 Short Blades
 - Level 1.5 Dodging
 - Level 1.5 Stealth
 - Level 2.0 Spellcasting
 * Level 6.9 Necromancy
 + Level 1.1 Translocations


You had one spell level left.
You knew the following spells:

 Your Spells              Type           Power      Damage    Failure   Level
a - Necrotise             Necr           80%        1d8       1%          1
b - Vampiric Draining     Necr           20%        2d7       4%          3
c - Animate Dead          Necr           20%        N/A       14%         4
d - Blink                 Tloc           8%         N/A       22%         2

Your spell library contained the following spells:

 Spells                   Type           Power      Damage    Failure   Level
 Sandblast                Erth           2%         2d4       24%         1
 Lesser Beckoning         Tloc           8%         N/A       22%         2
 Momentum Strike          Conj/Tloc      4%         3d8       28%         2
 Passwall                 Tmut/Erth      0%         N/A       34%         2
 Agony                    Necr           20%        N/A       36%         5
 Stone Arrow              Conj/Erth      2%         3d7       56%         3


Dungeon Overview and Level Annotations

Branches:
Dungeon (6/15)             Temple (1/1) D:5

Altars:
Ashenzari
Cheibriados
Dithmenos
Elyvilon
Fedhas
Gozag
Hepliaklqana
Kikubaaqudgha
Makhleb
Nemelex Xobeh
Okawaru
Ru
Sif Muna
Trog
Uskayaw
Vehumet
Wu Jian
Xom
Yredelemnul
Zin
The Shining One

Shops:
D:3 !


Innate Abilities, Weirdness & Mutations

You have very sharp teeth.
You have a pair of small horns on your head.


Message History

Casting: Vampiric Draining (dangerous; 3% risk of failure)
Confirm with . or Enter, or press ? or * to list all spells.
Aiming: Necrotise (safe; 1% risk of failure)
Press: ? - help, Shift-Dir - straight line, f/p - black bear
Aim: a black bear (severely wounded, chance to affect: 83%)
The black bear writhes in agony.
The black bear goes berserk!
Casting: Necrotise (safe; 1% risk of failure)
Confirm with . or Enter, or press ? or * to list all spells.
Aiming: Vampiric Draining (dangerous; 3% risk of failure)
Press: ? - help, Shift-Dir - straight line, f/p - black bear
Aim: a black bear (severely wounded, berserk)
You draw life force from the black bear.
You feel life coursing into your body.
The black bear bites you but does no damage.
The black bear closely misses you. The black bear completely misses you.
The black bear bites you. The black bear barely misses you.
The black bear claws you.
Casting: Vampiric Draining (dangerous; 3% risk of failure)
Confirm with . or Enter, or press ? or * to list all spells.
Aiming: Necrotise (safe; 1% risk of failure)
Press: ? - help, Shift-Dir - straight line, f/p - black bear
Aim: a black bear (almost dead, berserk, chance to affect: 83%)
The black bear writhes in agony.
The black bear bites you! The black bear claws you. x2
It was a potion of degeneration.
There was something very wrong with that liquid.
You feel weakened.
You feel dopey.
You feel clumsy. The black bear bites you!
* * * LOW HITPOINT WARNING * * *
The black bear claws you.
* * * LOW HITPOINT WARNING * * *
The black bear claws you.
* * * LOW HITPOINT WARNING * * *
The black bear bites you!
* * * LOW HITPOINT WARNING * * *
The black bear claws you.
* * * LOW HITPOINT WARNING * * *
The black bear claws you!
You die...
Kikubaaqudgha rasps: "You have failed me!
Welcome... death!"

....# #.# #.....[....#
........# #.......##.#
###.#######...#.#.##.#
#.#........###....
#.#>#####...#.#.##.# #
#.. >...........# #
#.# #####..###.## #.#
#..# #.# ....# #@#
###....h.....#
######.##### #.# ..#
###


You could see a black bear (berserk).

Vanquished Creatures
  Menkaure (D:3)
  A necrophage (D:5)
  A jelly (D:6)
  5 hounds
  An orc priest (D:4)
  2 iguanas
  An orc wizard (D:4)
  Robin (D:2)
  7 gnolls
  5 adders
  3 ufetubi
  A worm (D:2)
  2 dart slugs
  4 orcs
  9 endoplasms
  3 giant cockroaches
  5 goblins
  6 hobgoblins
  7 jackals
  4 kobolds
  4 quokkas
  4 ball pythons
  4 bats
  A frilled lizard (D:2)
  6 rats
88 creatures vanquished.

Vanquished Creatures (collateral kills)
  Grinder (D:4)
  A ball python (D:1)
  A goblin (D:2)
  A jackal (D:3)
  A kobold (D:2)
  A rat (D:2)
6 creatures vanquished.

Vanquished Creatures (others)
  A hound zombie (D:5)
  An iguana zombie (D:5)
2 creatures vanquished.

Grand Total: 96 creatures vanquished

Notes
Turn   | Place    | Note
-------+----------+-------------------------------------------
     0 | D:1      | AndrolTheGreedy the Hill Orc Necromancer began the quest
                  | for the Orb.
     0 | D:1      | Reached XP level 1. HP: 14/14 MP: 3/3
   168 | D:1      | Reached XP level 2. HP: 20/20 MP: 3/5
   659 | D:1      | Found a faded altar of an unknown god.
  1102 | D:2      | Reached XP level 3. HP: 26/26 MP: 2/6
  1140 | D:2      | Learned a level 3 spell: Vampiric Draining
  1843 | D:2      | Noticed Robin
  1969 | D:2      | Reached skill level 5 in Necromancy
  2049 | D:2      | Killed Robin
  2156 | D:1      | Reached XP level 4. HP: 29/33 MP: 3/7
  3002 | D:3      | Found Fusheto's Distillery.
  3021 | D:3      | Bought a potion of heal wounds for 70 gold pieces
  3429 | D:4      | Noticed Menkaure
  3460 | D:4      | Found a broken altar of Ashenzari.
  3486 | D:4      | Found a bloodstained altar of Trog.
  3502 | D:4      | Noticed Grinder
  3587 | D:4      | Reached skill level 6 in Necromancy
  3587 | D:4      | Reached XP level 5. HP: 33/38 MP: 6/8
  3759 | D:4      | Learned a level 4 spell: Animate Dead
  3778 | D:4      | Reached skill level 1 in Short Blades
  4122 | D:4      | Reached XP level 6. HP: 30/45 MP: 2/9
  4145 | D:4      | Killed Grinder
  4146 | D:4      | Reached XP level 7. HP: 11/50 MP: 5/10
  4572 | D:4      | Found an ornate altar of the Wu Jian Council.
  4581 | D:4      | Found a glowing golden altar of the Shining One.
  4732 | D:5      | Entered Level 5 of the Dungeon
  4761 | D:5      | Reached skill level 1 in Fighting
  4943 | D:5      | Found a staircase to the Ecumenical Temple.
  4962 | Temple   | Entered the Ecumenical Temple
  5047 | Temple   | Became a worshipper of Kikubaaqudgha
  5194 | D:5      | Gained mutation: You have very sharp teeth. [potion of
                  | mutation]
  5194 | D:5      | Gained mutation: You have a pair of small horns on your
                  | head. [potion of mutation]
  5864 | D:5      | Identified the +0 ring mail of Wu Jian's Outrage {*Corrode
                  | Int+4 Dex+2}
  5892 | D:5      | Learned a level 2 spell: Blink
  6494 | D:3      | Killed Menkaure
  6495 | D:3      | Reached skill level 5 in Fighting
  6639 | D:6      | Reached skill level 1 in Translocations
  6639 | D:6      | Reached XP level 8. HP: 54/68 MP: 3/11
  6750 | D:6      | Slain by a black bear

Illustrated notes

Levels and vault maps discovered:
D:1:      spicycebolla_arrival_transporter_tutorial, layout_basic,
          chequers_ecumenical_altar_island, roderic_malta_cross,
          chequers_serial_rivers_large_a
D:2:      layout_basic, uniq_robin
D:3:      layout_loops_ring, serial_shops, shop, minivault_4
D:4:      layout_loops_ring, nicolae_overflow_quartered_altars,
          grunt_decor_resistance, uniq_grinder, uniq_menkaure
D:5:      layout_basic, minmay_temple_entry_antechambers
D:6:      layout_loops_ring
Temple:   minmay_crystal_spiral_temple

Skill      XL: |  1  2  3  4  5  6  7 |
---------------+----------------------+-----
Spellcasting   | 2 |  2.0
Necromancy     | 5 6 |  6.9
Short Blades   | 2 4 |  4.3
Fighting       | 5 |  5.0
Translocations | 1 |  1.1
Dodging        | |  1.5
Stealth        | |  1.5

Action                     |  1- 3 |  4- 6 |  7- 9 || total
---------------------------+-------+-------+-------++-------
  Melee: Dagger            |     1 |    63 |    49 ||   113
         Punch             |       |     1 |       ||     1
         Headbutt          |       |       |    12 ||    12
         Bite              |       |       |     2 ||     2
  Throw: Stone             |     1 |     1 |       ||     2
         Throwing net      |       |     1 |     1 ||     2
   Cast: Necrotise         |    63 |    45 |    24 ||   132
         Vampiric Draining |     5 |    15 |    18 ||    38
         Animate Dead      |       |       |     3 ||     3
    Use: Scroll            |     1 |     8 |     4 ||    13
         Potion            |     1 |     2 |     4 ||     7
   Stab: Distracted        |       |       |     1 ||     1
 Armour: Robe              |     4 |    19 |    10 ||    33
  Dodge: Dodged            |    11 |    72 |    71 ||   154

Table legend: (Time is in decaauts)
 A = Elapsed time spent in this place.
 B = Non-inter-level travel time spent in this place.
 C = Inter-level travel time spent in this place.
 D = Time resting spent in this place.
 E = Time spent auto-exploring this place.
 F = Levels seen in this place.
 G = Mean time per level.
                   A        B        C        D        E       F      G
               +--------+--------+--------+--------+--------+-----+--------+
         Total |   6759 |   6356 |    403 |   1350 |   3480 |   7 |  965.6 |
       Dungeon |   6549 |   6230 |    319 |   1350 |   3376 |   6 | 1091.5 |
        Temple |    209 |    125 |     84 |      0 |    104 |   1 |  209.0 |
               +--------+--------+--------+--------+--------+-----+--------+

Top non-repeatable levels by time:
     D:4: 1568 daAuts
     D:2: 1383 daAuts
     D:1: 1337 daAuts
     D:5: 1196 daAuts
     D:3: 900 daAuts
  Temple: 209 daAuts
     D:6: 163 daAuts
